 Dungeon Crawl Stone Soup version 0.17-a0-2122-g03d97ec (webtiles) character file.

8051 brucemayne the Severer (level 11, 0/75 HPs)
             Began as a Demonspawn Berserker on Oct 21, 2015.
             Was an Elder of Trog.
             Slain by an orc warrior
             ... wielding a +0 dire flail
              (13 damage)
             ... on level 1 of the Orcish Mines.
             The game lasted 00:18:33 (3320 turns).

brucemayne the Severer (Demonspawn Berserker)       Turns: 3320, Time: 00:18:34

Health: 0/75       AC: 13    Str: 25    XL:     11   Next: 4%
Magic:  0/11       EV: 12    Int:  8    God:    Trog [****..]
Gold:   453        SH:  0    Dex: 19    Spells: 0 memorised, 10 levels left

rFire  + . .     SeeInvis .     C - +3 battleaxe
rCold  . . .     Clarity  +     J - +0 plate armour
rNeg   . . .     SustAt   .     (no shield)
rPois  .         Gourm    .     (no helmet)
rElec  .         Spirit   +     d - +0 cloak
rCorr  .         Warding  .     (no gloves)
rMut   .         Stasis   .     (boots unavailable)
MR     .....                    h - amulet of guardian spirit
Stlth  ..........               (no ring)
                                B - ring of protection from fire

@: mighty, agile, not resistant to hostile enchantments, extremely unstealthy
A: hooves 3, yellow scales 1, clarity, demonic guardian 2, powered by pain 1,
evolution 1
a: Berserk, Trog's Hand, Brothers in Arms, Burn Spellbooks, Renounce Religion


You were on level 1 of the Orcish Mines.
You worshipped Trog.
Trog was greatly pleased with you.
You were not hungry.

You visited 2 branches of the dungeon, and saw 13 of its levels.

You collected 453 gold pieces.

Inventory:

Hand Weapons
 a - a +0 hand axe
 m - a +0 war axe
 y - a +0 blowgun
 C - a +3 battleaxe (weapon)
Armour
 b - a +0 animal skin
 d - a +0 cloak (worn)
 r - a +0 chain mail
 z - the +0 scale mail of the Lost Path {Dex+4}
   (You found it on level 7 of the Dungeon)

   It affects your dexterity (+4).
 J - a +0 plate armour (worn)
Jewellery
 h - an amulet of guardian spirit (around neck)
 t - an uncursed amulet of the gourmand
 B - a ring of protection from fire (left hand)
Wands
 u - a wand of invisibility (1)
 D - a wand of magic darts (31)
 E - a wand of polymorph (16)
Scrolls
 k - a scroll of immolation {unknown}
 o - 3 scrolls of remove curse
 p - a scroll of amnesia {unknown}
 q - 2 scrolls of identify {unknown}
 v - a scroll of enchant armour {unknown}
 x - a scroll of fog {unknown}
 H - a scroll of teleportation {unknown}
Potions
 e - a potion of curing
 f - a potion of haste
 g - a potion of lignification {unknown}
 i - a potion of ambrosia
 j - a potion of magic {unknown}
 l - a potion of invisibility {unknown}
 s - a potion of poison {unknown}
 w - a potion of brilliance
 A - a potion of berserk rage
 F - a potion of might
 G - a potion of resistance
Books
 I - a book of Changes

   Spells                             Type                      Level
   a - Beastly Appendage              Transmutation                1
   b - Sticks to Snakes               Transmutation                2
   c - Spider Form                    Transmutation/Poison         3
   d - Ice Form                       Ice/Transmutation            4
   e - Blade Hands                    Transmutation                5
   Trog disapproves of the use of such an item.
Comestibles
 c - a bread ration
 n - 2 slices of pizza
 K - 10 chunks of flesh


   Skills:
 - Level 3.0 Fighting
 + Level 15.1 Axes
 - Level 1.7 Armour
 - Level 1.7 Dodging


You had 10 spell levels left.
You didn't know any spells.

Dungeon Overview and Level Annotations

Branches:
Dungeon (12/15)              Lair (0/8) D:11            Orc (1/4) D:12
 Temple: D:4-7

Altars:
Dithmenos
Fedhas
Nemelex Xobeh
Okawaru
Xom


Innate Abilities, Weirdness & Mutations

You have hooves in place of feet.
You are partially covered in yellow scales (AC +2).
A demonic guardian rushes to your aid.
You sometimes gain a little power by taking damage.
You possess an exceptional clarity of mind.
You evolve.


Message History

The orc warrior is severely wounded.
You hit the orc warrior.
The orc warrior is severely wounded.
The orc warrior hits you with a battleaxe!!
You focus on the pain.
You feel agile all of a sudden.
You completely miss the orc warrior. Your kick misses the orc warrior.
The orc warrior is severely wounded.
You barely miss the orc warrior.
The orc warrior is severely wounded.
The orc warrior hits you with a dire flail!!
* * * LOW HITPOINT WARNING * * *
The orc warrior closely misses you.
Your plate armour prevents you from hitting the orc warrior.
You kick the orc warrior.
The orc warrior is almost dead.
You closely miss the orc warrior.
The orc warrior is severely wounded.
The orc warrior hits you with a dire flail!
You die...

# ######### ### ###
#..#.#...#o#.##..##..#
.......)ooo@..........
..####)####..........
##..)###..........
#8...8##..........
##.....##..........
#.......#..........
#o8.oo8.#..........
#......o#....###.#...
#.......#......####...


You could see 2 orc warriors, an orc wizard and an orc.

Vanquished Creatures
  Maud (D:11)
  A centaur warrior (D:12)
  The ghost of brucemayne the Cleaver, a novice DsBe of Trog (D:11)
  An orc knight (D:11)
  A cyclops (D:11)
  A two-headed ogre (D:11)
  5 slime creatures (D:11)
  2 yaks (D:12)
  2 hippogriffs
  A warg (Orc:1)
  An ice beast (D:8)
  Duvessa (D:7)
  7 orc warriors
  2 sky beasts
  2 ogres
  A centaur (D:10)
  A crocodile (D:11)
  4 giant frogs
  Dowan (D:7)
  A wyvern skeleton (D:11)
  A scorpion (D:7)
  3 wights (D:9)
  A giant frog zombie (D:11)
  4 orc priests
  2 hounds (D:9)
  A giant frog skeleton (D:10)
  An iguana (D:11)
  13 orc wizards
  2 worker ants
  A hound skeleton (D:10)
  4 adders
  4 gnolls (D:9)
  An adder skeleton (D:6)
  2 giant geckos
  45 orcs
  2 giant cockroaches
  9 hobgoblins
  5 kobolds
  3 quokkas
  5 bats
  3 giant newts
  3 goblins
  6 rats
158 creatures vanquished.

Vanquished Creatures (collateral kills)
  A centaur skeleton (D:11)
  A slime creature (D:11)
  A yak (D:12)
  A gnoll shaman (D:9)
  2 gnolls (D:9)
  3 orcs
  A hobgoblin (D:11)
10 creatures vanquished.

Vanquished Creatures (others)
  32 fungi (D:11)
  11 plants (D:11)
43 creatures vanquished.

Grand Total: 211 creatures vanquished

Notes
Turn   | Place    | Note
--------------------------------------------------------------
     0 | D:1      | brucemayne the Demonspawn Berserker began the quest for the Orb.
     0 | D:1      | Reached XP level 1. HP: 18/18 MP: 1/1
   289 | D:2      | Gained mutation: You have large cloven feet. [demonic ancestry]
   289 | D:2      | Reached XP level 2. HP: 17/24 MP: 2/2
   410 | D:2      | Reached XP level 3. HP: 26/29 MP: 1/3
   458 | D:2      | Found a sparkling altar of Nemelex Xobeh.
   525 | D:3      | Reached ** piety under Trog
   525 | D:3      | Reached skill level 4 in Axes
   758 | D:5      | Entered Level 5 of the Dungeon
   797 | D:6      | Gained mutation: You have hoof-like feet. [demonic ancestry]
   797 | D:6      | Reached XP level 4. HP: 14/35 MP: 2/4
   831 | D:7      | Noticed a hippogriff
   831 | D:7      | Noticed Duvessa
   832 | D:7      | Noticed Dowan
   844 | D:6      | Killed a hippogriff
   844 | D:6      | Reached skill level 5 in Axes
   844 | D:6      | Gained mutation: You sometimes gain a little power by taking damage. [demonic ancestry]
   844 | D:6      | Reached XP level 5. HP: 41/41 MP: 3/5
   898 | D:7      | Found an iron altar of Okawaru.
   939 | D:7      | Found a blossoming altar of Fedhas.
   941 | D:7      | Found a shadowy altar of Dithmenos.
   947 | D:7      | Reached skill level 6 in Axes
  1001 | D:7      | Killed Duvessa
  1001 | D:7      | Gained mutation: A weak demonic guardian rushes to your aid. [demonic ancestry]
  1001 | D:7      | Reached XP level 6. HP: 47/47 MP: 4/6
  1010 | D:8      | Found a shimmering altar of Xom.
  1097 | D:8      | Reached skill level 7 in Axes
  1172 | D:8      | Reached XP level 7. HP: 33/52 MP: 3/7
  1177 | D:8      | Gained mutation: You evolve. [mutagenic meat]
  1178 | D:8      | Gained mutation: You are clumsy. (Dex -2) [mutagenic meat]
  1179 | D:8      | Gained mutation: You possess an exceptional clarity of mind. [mutagenic meat]
  1295 | D:7      | Noticed a giant frog
  1305 | D:7      | Killed a giant frog
  1309 | D:7      | Killed Dowan
  1309 | D:7      | Reached skill level 8 in Axes
  1334 | D:7      | Got a smelly scale mail
  1345 | D:7      | Identified the cursed +0 scale mail of the Lost Path {Dex+4} (You found it on level 7 of the Dungeon)
  1571 | D:10     | Entered Level 10 of the Dungeon
  1606 | D:10     | Reached skill level 9 in Axes
  1606 | D:10     | Gained mutation: You have hooves in place of feet. [demonic ancestry]
  1606 | D:10     | Reached XP level 8. HP: 42/58 MP: 5/8
  1650 | D:11     | Noticed a slime creature
  1664 | D:11     | Noticed a slime creature
  1681 | D:11     | Killed a slime creature
  1723 | D:11     | Noticed a centaur skeleton
  1735 | D:11     | Killed a centaur skeleton
  1735 | D:11     | Reached skill level 10 in Axes
  1792 | D:11     | Noticed a slime creature
  1820 | D:11     | Killed a slime creature
  1951 | D:11     | Reached *** piety under Trog
  1972 | D:11     | Reached skill level 11 in Axes
  1972 | D:11     | Gained mutation: You are partially covered in yellow scales (AC +2). [demonic ancestry]
  1972 | D:11     | Reached XP level 9. HP: 63/63 MP: 9/9
  2031 | D:11     | Noticed brucemayne's ghost (novice DsBe)
  2063 | D:11     | Killed brucemayne's ghost
  2235 | D:11     | Reached skill level 12 in Axes
  2266 | D:11     | Noticed an orc knight
  2275 | D:11     | Killed an orc knight
  2383 | D:11     | Noticed a slime creature
  2384 | D:11     | Noticed a slime creature
  2401 | D:11     | Killed a slime creature
  2411 | D:11     | Noticed a slime creature
  2436 | D:11     | Noticed a slime creature
  2453 | D:11     | Killed a slime creature
  2469 | D:11     | Noticed Maud
  2500 | D:11     | Killed Maud
  2500 | D:11     | Reached skill level 13 in Axes
  2500 | D:11     | Reached XP level 10. HP: 13/70 MP: 10/10
  2571 | D:11     | Found a staircase to the Lair.
  2652 | D:11     | Noticed a two-headed ogre
  2670 | D:11     | Killed a two-headed ogre
  2696 | D:11     | Noticed a cyclops
  2710 | D:11     | Lost mutation: You are clumsy. (Dex -2) [evolution]
  2715 | D:11     | Killed a cyclops
  2715 | D:11     | Reached skill level 14 in Axes
  2739 | D:12     | Noticed a manticore
  2791 | D:11     | Killed a slime creature
  2793 | D:11     | Killed a slime creature
  2982 | D:12     | Found a staircase to the Orcish Mines.
  3031 | D:12     | Noticed a centaur warrior
  3037 | D:12     | Killed a centaur warrior
  3095 | Orc:1    | Entered Level 1 of the Orcish Mines
  3118 | Orc:1    | Reached **** piety under Trog
  3142 | Orc:1    | Reached skill level 15 in Axes
  3142 | Orc:1    | Gained mutation: A demonic guardian rushes to your aid. [demonic ancestry]
  3142 | Orc:1    | Reached XP level 11. HP: 37/75 MP: 8/11
  3205 | Orc:1    | Found a runed door.
  3320 | Orc:1    | Slain by an orc warrior

Vault maps used:
D:1:      noname_arrival_rooms_in_the_neighbourhood
D:2:      old_standard_altar, minmay_divided_ellipse
D:3:      evilmike_ruin_ashenzari, tgw_xom, ecumenical_altar_1
D:4:      kennysheep_mini_moat, minmay_temple_entry_overgrown, st_stairs_4,
          nemelex_xobeh_ov_fountains_minmay
D:5:      portal_sewer_entry_e, first_bread
D:6:      lightli_corner_chamber
D:7:      grunt_temple_overflow_open, grunt_ministairs_6,
          okawaru_ov_weapons_minmay, uniq_duvessa
D:8:      lemuel_upstairs_altar, lemuel_doored_altar, special_room, basic_altar
D:9:      hangedman_pestilent_swarm
D:10:     uniq_nergalle
D:11:     cheibrodos_orc_bank, due_lair_maze_entry_diamond, uniq_maud
D:12:     erik_orc_3, uniq_frances
Orc:1:    basic_altar, lightli_church_of_beogh

Action                   |  1- 3 |  4- 6 |  7- 9 | 10-12 || total
-------------------------+-------+-------+-------+-------++-------
Melee: Hand axe          |   115 |    83 |    49 |       ||   247
       War axe           |       |       |   127 |       ||   127
       Battleaxe         |       |       |    31 |   142 ||   173
Invok: Berserk           |     3 |     5 |    10 |     3 ||    21
       Trog's Hand       |       |     3 |     4 |     8 ||    15
  Use: Potion            |     1 |       |     2 |     3 ||     6
       Scroll            |       |       |     1 |     1 ||     2
 Stab: Distracted        |       |       |     1 |       ||     1
  Eat: Chunk             |     3 |     2 |    16 |     6 ||    27
       Bread ration      |       |     1 |       |       ||     1
       Fruit             |       |       |     2 |     1 ||     3
       Pizza             |       |       |       |     1 ||     1
